 Dungeon Crawl Stone Soup version 0.29-a0-96-g93358da72b (webtiles) character file.

Game seed: 9175701034334823403

94 cyrus the Poker (level 4, -3/37 HPs)
             Began as a Merfolk Fighter on Feb 11, 2022.
             Was a Plaything of Xom.
             Slain by a goblin (5 damage)
             ... led by Robin
             ... on level 2 of the Dungeon.
             The game lasted 00:05:54 (2154 turns).

cyrus the Poker (Merfolk Fighter)                   Turns: 2154, Time: 00:05:55

Health: -3/37      AC:  6    Str: 16    XL:     4   Next: 63%
Magic:  4/4        EV:  8    Int:  9    God:    Xom [..*...]
Gold:   61         SH:  5    Dex: 19    Spells: 3/3 levels left

rFire   . . .      SeeInvis .   a - +0 trident
rCold   . . .      Faith    .   c - +0 buckler
rNeg    . . .      Spirit   .   b - +0 scale mail
rPois   .          Reflect  .   (no helmet)
rElec   .          Harm     .   (no cloak)
rCorr   .          Rampage  .   (no gloves)
Will    .....                   (no boots)
Stlth   ..........              (no amulet)
HPRegen 0.12/turn               k - +6 ring of dexterity
MPRegen 0.09/turn               (no ring)

@: lethally poisoned (-3 -> -17)
A: (nimble swimmer 2), mertail
a: Renounce Religion


You were on level 2 of the Dungeon.
You worshipped Xom.
You were a toy of Xom.
You visited 1 branch of the dungeon, and saw 2 of its levels.

You collected 61 gold pieces.

Inventory:

Hand Weapons
 a - a +0 trident (weapon)
Missiles
 h - 3 datura-tipped darts (quivered)
Armour
 b - a +0 scale mail (worn)
 c - a +0 buckler (worn)
Jewellery
 i - a ring of protection from fire
 k - a +6 ring of dexterity (left hand)
Scrolls
 f - a scroll of enchant weapon {unknown}
 g - a scroll of magic mapping {unknown}
 j - a scroll of blinking {unknown}
Potions
 e - 2 potions of lignification {unknown}
 l - 2 potions of flight {unknown}


   Skills:
 + Level 3.7 Fighting
 + Level 4.7 Polearms
 + Level 2.9 Armour
 + Level 0.1 Dodging
 + Level 0.4 Stealth
 + Level 3.3 Shields


You had 3 spell levels left.
You didn't know any spells.
Your spell library contained the following spells:

 Spells                   Type           Power      Damage    Failure   Level
 Sublimation of Blood     Necr           0%         N/A       96%         2
 Petrify                  Tmut/Erth      0%         N/A       100%        4
 Irradiate                Conj/Tmut      0%         3d14      100%        5


Dungeon Overview and Level Annotations

Branches:
Dungeon (2/15)

Altars:
Xom

Annotations:
D:2 Robin


Innate Abilities, Weirdness & Mutations

((You are very nimble when in or above water. (Stealth+, EV+, Speed+++)))
Your lower body shifts to a powerful aquatic tail in water.


Message History

Robin roars a battlecry!
The goblins go into a battle-frenzy!
The goblin hits you with a +2 dagger of venom.
You are more poisoned.
You hear a shout!
Throw: 4 darts (datura)
Press: ? - help, Q - select action Shift-Dir - straight line, f - hobgoblin
Aim: a hobgoblin (heavily wounded, strong, 62% to hit, chance to frenzy on hit: 100%)
You throw a datura-tipped dart.
The datura-tipped dart barely misses the hobgoblin.
The datura-tipped dart hits the kobold.
The kobold flies into a frenzy!
You feel very sick.
The kobold barely misses the goblin.
A hobgoblin comes into view.
The goblin hits you with a +0 dagger. The hobgoblin completely misses you.
A hobgoblin comes into view.
The goblin closely misses the kobold.
You block the goblin's attack.
The kobold barely misses the hobgoblin.
The goblin hits you but does no damage.
You are lethally poisoned!
The goblin hits you but does no damage.
You puncture the hobgoblin!
You kill the hobgoblin!
You feel very sick.
The kobold closely misses the goblin.
The goblin hits the kobold but does no damage.
The goblin hits you with a +0 dagger.
Robin roars a battlecry!
The goblin completely misses you. The goblin hits you but does no damage.
The kobold hits the goblin with a +0 whip.
The goblin barely misses the kobold.
The goblin hits you but does no damage.
* * * LOW HITPOINT WARNING * * *
You feel very sick.
The goblin shouts!
The kobold hits you with a +0 whip.
* * * LOW HITPOINT WARNING * * *
Robin throws the goblin at you!
* * * LOW HITPOINT WARNING * * *
The goblin hits you with a +2 dagger of venom.
You die...
Xom is highly amused!

#.####### #.......###
#.#####.#.. #.....#.#.#
# #.###)#.#.# ## #.#
#.#.#.# .## ##.###.#.#.#
#
..####........#g####g..#
..'...........gg@K.g..g.
..####...##.###g##.g....
.## ##.###.# #gg. ...##
## ### #.# ####.##.# #
... .. # #.. ## ...# ..


You could see Robin, 2 hobgoblins, 6 goblins and a neutral kobold (fast, strong,
insane).

Vanquished Creatures
  Terence (D:2)
  4 gnolls (D:2)
  A worm (D:2)
  A dart slug (D:1)
  2 endoplasms
  3 goblins
  5 hobgoblins
  2 quokkas (D:1)
  3 ball pythons (D:1)
  2 kobolds
  3 rats (D:1)
27 creatures vanquished.

Notes
Turn   | Place    | Note
-------+----------+-------------------------------------------
     0 | D:1      | cyrus the Merfolk Fighter began the quest for the Orb.
     0 | D:1      | Reached XP level 1. HP: 18/18 MP: 1/1
   124 | D:1      | Reached XP level 2. HP: 14/24 MP: 2/2
   377 | D:1      | Found a faded altar of an unknown god.
   382 | D:1      | Prayed at the altar of an unknown god.
   382 | D:1      | Became a worshipper of Xom of Bone-Dry Humour
   496 | D:1      | XOM: silly message
   656 | D:1      | XOM: divination: magic mapping
  1058 | D:2      | XOM: enchant monster (good)
  1074 | D:2      | Reached XP level 3. HP: 29/29 MP: 3/3
  1100 | D:2      | XOM: 1-stop teleportation journey
  1111 | D:2      | Reached skill level 4 in Polearms
  1121 | D:2      | Reached XP level 4. HP: 5/37 MP: 4/4
  1239 | D:2      | XOM: summons 3 hostile demons
  1389 | D:2      | XOM: silly message
  1661 | D:2      | Noticed Terence
  1671 | D:2      | Killed Terence
  1734 | D:2      | XOM: 6-stop teleportation journey
  1919 | D:2      | XOM: scenery: 3 doors open
  2035 | D:2      | XOM: snakes to sticks
  2144 | D:2      | Noticed Robin
  2154 | D:2      | Slain by a goblin

Illustrated notes

Levels and vault maps discovered:
D:1:      minmay_arrival_diagonal_passages, layout_basic,
          hellmonk_ecumenical_altar_heavens_door
D:2:      layout_loops_corners, kennysheep_cross_bottleneck, uniq_robin,
          uniq_terence

Skill      XL: |  1  2  3 |
---------------+----------+-----
Polearms       | 4 |  4.7
Fighting       | |  3.7
Armour         | |  2.9
Dodging        | |  0.1
Stealth        | |  0.4
Shields        | |  3.3

Action                   |  1- 3 |  4- 6 || total
-------------------------+-------+-------++-------
Melee: Trident           |    67 |    49 ||   116
Throw: Dart              |       |     1 ||     1
  Use: Potion            |     1 |       ||     1
 Stab: Paralysed         |     3 |       ||     3
Armor: Scale mail        |    25 |    23 ||    48
Dodge: Dodged            |    24 |    18 ||    42
Block: Buckler           |    18 |    14 ||    32

Table legend: (Time is in decaauts)
 A = Elapsed time spent in this place.
 B = Non-inter-level travel time spent in this place.
 C = Inter-level travel time spent in this place.
 D = Time resting spent in this place.
 E = Time spent auto-exploring this place.
 F = Levels seen in this place.
 G = Mean time per level.
                   A        B        C        D        E       F      G
               +--------+--------+--------+--------+--------+-----+--------+
         Total |   2171 |   2171 |      0 |    677 |   1125 |   2 | 1085.5 |
       Dungeon |   2171 |   2171 |      0 |    677 |   1125 |   2 | 1085.5 |
               +--------+--------+--------+--------+--------+-----+--------+

Top non-repeatable levels by time:
     D:2: 1165 daAuts
     D:1: 1005 daAuts
